[Event "Allsvenskan Div I 3 2023/2024: SS Manhem - Varbergs SK"]
[Site "Goteborgs Schackcentrum, Vegatan 20, Gothenburg, Sweden"]
[Date "2024.03.17"]
[Round "1.1"]
[White "Eriksson, Kristian"]
[Black "Welin, Mats"]
[Result "0-1"]
[TimeControl "90 minutes for 40 moves + 30 minutes for the rest of the game + 30 seconds per move from move one."]
[BlackTitle "FM"]
[WhiteFideId "1705172"]
[BlackFideId "1705180"]
[WhiteElo "2042"]
[BlackElo "2275"]

1. e4 e5 2. Nf3 Nc6 3. d4 exd4 4. Nxd4 Nf6 5. Nxc6 bxc6 6. e5 Qe7 7. Qe2 Nd5 8. c4 Ba6 9. Nd2 g6 10. Nf3 Qb4+ 11. Kd1 Ne7 12. a3 Qb6 13. Bg5 O-O-O 14. Kc2 d5 15. exd6 cxd6 16. Bf6 Rg8 17. Rd1 d5 18. Bxe7 Re8 19. Qe3 Qxe3 20. fxe3 Rxe7 21. cxd5 Bxf1 22.
Rhxf1 cxd5 23. Rxd5 Rxe3 24. Re5 Rxe5 25. Nxe5 f5 26. h3 Bg7 27. Nd3 Kd7 28. b4 Kd6 29. Rd1 Re8 30. Nc5+ Kc6 31.
Rd2 Re3 32. Rd3 Re2+ 33. Rd2 Rxd2+ 34. Kxd2 Kb5 35. Kc2 Kc4 36. Ne6 Be5 37. Nf8 Bd6 38. Nxh7 Be7 39. h4 Bxh4 40. Nf8 g5 41.
Ng6 Bf2 42. Ne5+ Kd5 43. Nd3 Be3 44. Ne1 Ke4 45. Kc3 g4 46. a4 f4 47. b5 Bb6 48. Nd3 Ke3 49. Kc4 Bc7 50. Nb4 f3 51.
Nd5+ Kd2 52. gxf3 gxf3 53. Nf6 Ke3 54. Ng4+ Kf4 55. Nf2 Bb6 56. Nd3 Ke4 57. Kc3 f2 58. Nxf2+ Bxf2 0-1

[ePGN "0.1;DGT LiveChess/2.2.6"]

[Event "Allsvenskan Div I 3 2023/2024: SS Manhem - Varbergs SK"]
[Site "Goteborgs Schackcentrum, Vegatan 20, Gothenburg, Sweden"]
[Date "2024.03.17"]
[Round "1.2"]
[White "Troedsson, Anton"]
[Black "Wahlstrom, Lennart"]
[Result "0-1"]
[TimeControl "90 minutes for 40 moves + 30 minutes for the rest of the game + 30 seconds per move from move one."]
[WhiteFideId "1746006"]
[BlackFideId "1706829"]
[WhiteElo "2169"]
[BlackElo "2075"]

1. Nf3 d5 2. b3 Nf6 3. Bb2 e6 4. g3 Be7 5. Bg2 O-O 6. O-O c5 7. d4 Nc6 8. Nbd2 b6 9. c4 Bb7 10.
Rc1 Rc8 11. e3 Re8 12. Qe2 Ba6 13. Rfd1 cxd4 14. Nxd4 Nxd4 15. Bxd4 Ba3 16. Rc2 Qe7 17. Nb1 Bd6 18. Qd2 Bb4 19.
Bxf6 gxf6 20. Qe2 dxc4 21. a3 Bd6 22. bxc4 Red8 23. a4 Bb4 24. Rd4 f5 25. Bf1 Qf6 26. Rxd8+ Rxd8 27. Rb2 Bxc4 28.
Qc2 Bxf1 29. Rxb4 Bd3 30. Qc3 Qxc3 31. Nxc3 Rc8 32. Rb3 Bc4 33. Ra3 a6 34. Kg2 b5 35. axb5 axb5 36. Na2 Bd5+ 37.
Kh3 Rc4 38. Rd3 Ra4 39. Nc3 Ra3 40. Rxd5 exd5 41. Nxb5 Ra2 42. Kg2 Kg7 43. Kf3 Kf6 44. Nd4 Rd2 45. h3 Ra2 46. h4 Rd2 47. Kg2 Rb2 48. Nf3 h6 49. Nd4 Ke5 50. Kf3 Rb6 51. Nc2 Rc6 52.
Nd4 Rc4 53. Nb3 h5 54. Na5 Rc3 55. Ke2 Ke4 56. f3+ Ke5 57. Kd2 d4 58. exd4+ Kxd4 59. Nb7 Rxf3 60. Nd6 f4 61. Nxf7 fxg3 62.
Ng5 Rf2+ 63. Ke1 Ke3 0-1

[ePGN "0.1;DGT LiveChess/2.2.6"]

[Event "Allsvenskan Div I 3 2023/2024: SS Manhem - Varbergs SK"]
[Site "Goteborgs Schackcentrum, Vegatan 20, Gothenburg, Sweden"]
[Date "2024.03.17"]
[Round "1.3"]
[White "Warefelt, Niclas"]
[Black "Akesson, Joel"]
[Result "1/2-1/2"]
[TimeControl "90 minutes for 40 moves + 30 minutes for the rest of the game + 30 seconds per move from move one."]
[BlackTitle "FM"]
[WhiteFideId "1731890"]
[BlackFideId "1705040"]
[WhiteElo "1946"]
[BlackElo "2208"]

1. d4 Nf6 2. Nf3 e6 3. e3 b6 4. Bd3 Bb7 5. Nbd2 c5 6. O-O cxd4 7. exd4 Be7 8. c3 O-O 9. Qc2 Nc6 10.
Ne5 Rc8 11. Nxc6 Bxc6 12. f4 Qc7 13. Nf3 d6 14. Bd2 Qb7 15. Rae1 g6 16. Bc1 Rfe8 17. Ng5 Bf8 18. h3 b5 19.
b3 Bg7 20. Ba3 h6 21. Nxf7 Qxf7 22. Bxg6 Qd7 23. Bxe8 Rxe8 24. f5 exf5 25. Rxe8+ Qxe8 26. Bxd6 Qe3+ 27. Kh2 Ne4 28. Rf3 Qe1 29.
Bf4 Bd7 30. Re3 Qf1 31. Rf3 Qe1 1/2-1/2

[ePGN "0.1;DGT LiveChess/2.2.6"]

[Event "Allsvenskan Div I 3 2023/2024: SS Manhem - Varbergs SK"]
[Site "Goteborgs Schackcentrum, Vegatan 20, Gothenburg, Sweden"]
[Date "2024.03.17"]
[Round "1.4"]
[White "Fendrich, David"]
[Black "Martinsson, Erik"]
[Result "1-0"]
[TimeControl "90 minutes for 40 moves + 30 minutes for the rest of the game + 30 seconds per move from move one."]
[WhiteFideId "1705725"]
[BlackFideId "1731912"]
[WhiteElo "2162"]
[BlackElo "1779"]

1. g3 d5 2. c4 c6 3. Bg2 Nf6 4. Nf3 e6 5. b3 Bd6 6. d4 O-O 7. O-O Nbd7 8. Nc3 b6 9. Bb2 Bb7 10.
Qc2 Rc8 11. e4 dxe4 12. Nxe4 Nxe4 13. Qxe4 Nf6 14. Qc2 c5 15. dxc5 Bxf3 16. Bxf3 Bxc5 17. Rad1 Qe7 18. Rd3 Rfd8 19.
Rfd1 Rxd3 20. Qxd3 a5 21. Be5 Ne8 22. Be4 h6 23. Kg2 Nf6 24. Bf3 Ne8 25. h3 Nf6 26. Kf1 Ne8 27. Bg2 Nf6 28.
f4 Ne8 29. Bf3 Nf6 30. Kg2 Ne8 31. g4 Qh4 32. Bb7 Qf2+ 33. Kh1 Be3 34. f5 f6 35. Qd7 fxe5 36. Qxc8 Qg3 37. Qxe8+ Kh7 38.
Qg6+ 1-0

[ePGN "0.1;DGT LiveChess/2.2.6"]

[Event "Allsvenskan Div I 3 2023/2024: SS Manhem - Varbergs SK"]
[Site "Goteborgs Schackcentrum, Vegatan 20, Gothenburg, Sweden"]
[Date "2024.03.17"]
[Round "1.5"]
[White "Sternerzon, Anders"]
[Black "Lundstrom, Mattias"]
[Result "1/2-1/2"]
[TimeControl "90 minutes for 40 moves + 30 minutes for the rest of the game + 30 seconds per move from move one."]
[WhiteFideId "1740849"]
[BlackFideId "1703536"]
[WhiteElo "1718"]
[BlackElo "2132"]

1. Nf3 d5 2. d4 Nf6 3. c4 c6 4. cxd5 cxd5 5. Nc3 e6 6. Bf4 a6 7. e3 Nc6 8. Bd3 Be7 9. h3 b5 10.
O-O Bb7 11. Ne5 Nxe5 12. Bxe5 O-O 13. a3 Re8 14. Rc1 Rc8 15. Bb1 Nd7 16. Bg3 Nf8 17. Ne2 Rxc1 18. Nxc1 Bd6 19. Bxd6 Qxd6 20.
Nd3 Nd7 21. Qe2 Nb6 22. Nc5 Bc8 23. Qc2 g6 24. Qc1 Kg7 25. b3 Nd7 26. Nxd7 Bxd7 27. Qb2 b4 28. a4 Rc8 29. Rc1 Rc6 30.
Rxc6 Qxc6 31. Qc2 Qxc2 32. Bxc2 a5 33. Kf1 1/2-1/2

[ePGN "0.1;DGT LiveChess/2.2.6"]

[Event "Allsvenskan Div I 3 2023/2024: SS Manhem - Varbergs SK"]
[Site "Goteborgs Schackcentrum, Vegatan 20, Gothenburg, Sweden"]
[Date "2024.03.17"]
[Round "1.6"]
[White "Lindholm, Gustav"]
[Black "Lennermo, Viktor"]
[Result "1-0"]
[TimeControl "90 minutes for 40 moves + 30 minutes for the rest of the game + 30 seconds per move from move one."]
[WhiteFideId "1736515"]
[BlackFideId "1776398"]
[WhiteElo "2141"]
[BlackElo "1697"]

1. d4 Nf6 2. c4 e6 3. Nf3 d5 4. Nc3 c5 5. cxd5 Nxd5 6. e4 Nxc3 7. bxc3 cxd4 8. cxd4 Bb4+ 9. Bd2 Bxd2+ 10. Qxd2 O-O 11. Bc4 b6 12. O-O Bb7 13. Qe3 Nd7 14. Rfd1 Nf6 15. Bd3 Rc8 16. Nd2 Re8 17. e5 Nd7 18.
Nc4 Rc7 19. Nd6 Re7 20. Nxb7 Rxb7 21. Qe4 Nf8 22. f4 Rbd7 23. Bb5 Rc7 24. f5 exf5 25. Qxf5 Qc8 26. Qe4 Qe6 27. Ba4 Nd7 28.
d5 Qxe5 29. Qxe5 Rxe5 30. d6 Rb7 31. Bc6 Nc5 32. Bxb7 Nxb7 33. Rac1 Rc5 34. d7 Rxc1 35. Rxc1 Kf8 36. Re1 1-0

[ePGN "0.1;DGT LiveChess/2.2.6"]

[Event "Allsvenskan Div I 3 2023/2024: SS Manhem - Varbergs SK"]
[Site "Goteborgs Schackcentrum, Vegatan 20, Gothenburg, Sweden"]
[Date "2024.03.17"]
[Round "1.7"]
[White "Persson, Michael"]
[Black "Bengtsson, Jonas"]
[Result "0-1"]
[TimeControl "90 minutes for 40 moves + 30 minutes for the rest of the game + 30 seconds per move from move one."]
[WhiteFideId "1764179"]
[BlackFideId "1715135"]
[WhiteElo "1297"]
[BlackElo "2000"]

1. d4 Nf6 2. c4 e6 3. Nc3 Bb4 4. Bd2 O-O 5. e3 d5 6. Nf3 b6 7. cxd5 exd5 8. Be2 Bb7 9. O-O a6 10.
Rc1 Re8 11. Qc2 Nbd7 12. Bd3 Bd6 13. Rfe1 Ne4 14. Ne2 f5 15. Ng3 Qf6 16. a3 Rac8 17. Bb4 c5 18. dxc5 bxc5 19. Bc3 Qf8 20.
Qb3 Rb8 21. Qc2 g6 22. Qd1 Ndf6 23. Qc2 Ng4 24. Bxe4 fxe4 25. Ng5 Qh6 26. Nh3 Rf8 27. Re2 Rf7 28. Rd1 Rbf8 29. Be1 g5 30.
Qb3 Nxh2 31. Rxd5 Bxd5 32. Qxd5 Bxg3 33. Nxg5 Nf3+ 34. Nxf3 exf3 35. fxg3 fxe2 36. e4 Qe3+ 37. Kh2 Qd4 38.
Qe6 Qxb2 39. a4 Qa1 40. Qg4+ Qg7 41. Qe6 Qg6 42. Qc4 Re8 43. Qd5 Qxe4 44. Qg5+ Qg6 45. Qd5 Re6 46. Qd8+ Rf8 47.
Qd5 Qh6+ 48. Kg1 Rf1# 0-1

[ePGN "0.1;DGT LiveChess/2.2.6"]

[Event "Allsvenskan Div I 3 2023/2024: SS Manhem - Varbergs SK"]
[Site "Goteborgs Schackcentrum, Vegatan 20, Gothenburg, Sweden"]
[Date "2024.03.17"]
[Round "1.8"]
[White "Gallardo, Guillermo"]
[Black "Persson, Linus"]
[Result "1/2-1/2"]
[TimeControl "90 minutes for 40 moves + 30 minutes for the rest of the game + 30 seconds per move from move one."]
[WhiteFideId "1773488"]
[BlackFideId "1779869"]
[WhiteElo "1674"]
[BlackElo "1517"]

1. c4 Nf6 2. Nf3 g6 3. g3 Bg7 4. Bg2 d6 5. Nc3 O-O 6. O-O c6 7. d3 e5 8. e4 h6 9. Rb1 a5 10.
a3 Na6 11. b4 axb4 12. axb4 Nc7 13. Be3 Be6 14. Qd2 Kh7 15. b5 c5 16. h3 b6 17. Ra1 Qe7 18. Qb2 Nd7 19. Nd5 Bxd5 20.
cxd5 f5 21. Rxa8 Rxa8 22. Bd2 fxe4 23. dxe4 Nf6 24. Nh2 Qd7 25. Rb1 Ng8 26. Bf1 Ne7 27. Qb3 Ng8 28. Qf3 Nf6 29. Ng4 Nxg4 30.
Qxg4 Qe8 31. h4 Ra4 32. Qe2 Qd7 33. Kh2 Ne8 34. Bh3 Qa7 35. h5 g5 36. Qf3 Nf6 37. Qf5+ Kh8 38. Qc8+ Ng8 39.
Be6 Qa8 40. Qd7 Nf6 41. Qf7 Nxe4 42. Qg6 Qf8 43. Bf5 Nf6 44. Kg2 Qe8 45. Qxe8+ Nxe8 46. Bg6 Nf6 47. Bf7 Ne4 48. Be3 Bf8 49.
Kf3 Kg7 50. Be8 Nc3 51. Rh1 Nxd5 52. Bc6 Nxe3 53. fxe3 Kf6 54. e4 Ra3+ 55. Kg4 c4 56. Rf1+ Ke7 57. Bd5 c3 58. Rf7+ Ke8 59.
Rc7 Be7 60. Kf5 c2 61. Rc8+ Bd8 62. Rxc2 Rxg3 63. Kg6 Rf3 64. Kxh6 g4 65. Rg2 g3 66. Kg7 Bf6+ 67. Kg6 Kf8 68.
h6 Ke7 69. h7 Bh8 70. Kg5 Kf8 71. Kg4 Rf6 72. Rxg3 Rg6+ 73. Kf3 Kg7 74. Rxg6+ Kxg6 75. Bg8 Bf6 76. Ke3 Kg7 77. Kd3 Bh4 1/2-1/2